 Dungeon Crawl Stone Soup version 0.27-a0-1144-g0b7d3b79db (webtiles) character file.

Game seed: 3037500184070477242

3794 jien the Cleaver (level 10, -8/64 HPs)
             Began as a Gargoyle Fighter on May 10, 2021.
             Was an Initiate of Gozag.
             Mangled by a white ugly thing (14 damage)
             ... on level 8 of the Dungeon.
             The game lasted 00:12:08 (5542 turns).

jien the Cleaver (Gargoyle Fighter)                 Turns: 5542, Time: 00:12:09

Health: -8/64      AC: 18    Str: 24    XL:     10   Next: 16%
Magic:  10/10      EV: 12    Int:  8    God:    Gozag
Gold:   1363       SH: 11    Dex:  9    Spells: 9/9 levels left

rFire    . . .     SeeInvis .   a - +2 war axe (freeze)
rCold    . . .     Faith    .   c - +0 kite shield
rNeg     + . .     Spirit   .   b - +0 scale mail
rPois    ∞         Reflect  .   o - +0 helmet
rElec    +         Harm     .   (no cloak)
rCorr    .         Rampage  .   w - +0 pair of gloves
Will     .....                  (no boots)
Stlth    ..........             j - amulet of regeneration
HPRegen  1.20/turn              v - +4 ring of evasion
MPRegen  0.12/turn              (no ring)

@: gold aura
A: sickness immunity, AC +7, negative energy resistance 1, electricity
resistance, torment resistance 1, petrification resistance
a: Renounce Religion, Potion Petition, Call Merchant, Bribe Branch


You were on level 8 of the Dungeon.
You worshipped Gozag.
Gozag was most pleased with you.
You visited 2 branches of the dungeon, and saw 9 of its levels.

You collected 1489 gold pieces.
You paid 126 gold pieces to Gozag.

Inventory:

Hand Weapons
 a - a +2 war axe of freezing (weapon)
Missiles
 h - 6 javelins (quivered)
 x - a curare-tipped dart
Armour
 b - a +0 scale mail (worn)
 c - a +0 kite shield (worn)
 o - a +0 helmet (worn)
 w - a +0 pair of gloves (worn)
Jewellery
 j - an amulet of regeneration (around neck)
 v - a +4 ring of evasion (left hand)
Wands
 u - a wand of iceblast (7)
 y - a wand of acid (14)
Scrolls
 f - 3 scrolls of teleportation
 i - a scroll of blinking
 l - a scroll of amnesia
 m - 2 scrolls of enchant armour
 n - a scroll of fog
 q - 2 scrolls of noise {unknown}
 s - a scroll of vulnerability {unknown}
Potions
 d - a potion of might
 e - 2 potions of attraction {unknown}
 g - 3 potions of heal wounds {unknown}
 k - 3 potions of degeneration {unknown}
 r - 2 potions of haste {unknown}
 t - a potion of flight {unknown}
 z - 2 potions of curing {unknown}
 A - a potion of cancellation {unknown}


   Skills:
 + Level 7.8 Fighting
 * Level 8.5 Axes
 + Level 7.8 Armour
 + Level 7.7 Shields


You had 9 spell levels left.
You didn't know any spells.
Your spell library contained the following spells:

 Spells                   Type           Power      Damage    Failure   Level
 Animate Skeleton         Necr           0%         N/A       94%         1
 Pain                     Necr           0%         1d4       94%         1
 Vampiric Draining        Necr           0%         2d6       100%        3
 Animate Dead             Necr           0%         N/A       100%        4
 Agony                    Necr           0%         N/A       100%        5


Dungeon Overview and Level Annotations

Branches:
Dungeon (8/15)             Temple (1/1) D:7
   Lair: D:8-11

Altars:
Ashenzari
Cheibriados
Dithmenos
Gozag
Hepliaklqana
Kikubaaqudgha
Makhleb
Nemelex Xobeh
Okawaru
Sif Muna
Trog
Vehumet
Wu Jian
Xom
Yredelemnul
Zin
The Shining One

Shops:
D:1 [   D:3 *   D:6 !


Innate Abilities, Weirdness & Mutations

You are immune to sickness and miasma.
Your stone body is resilient. (AC +7)
You are immune to poison.
You resist negative energy. (rN+)
You are resistant to electric shocks. (rElec)
You are resistant to unholy torment.
You are immune to petrification.


Message History

You block the white ugly thing's attack.
You hit the white ugly thing. You freeze the white ugly thing.
The white ugly thing is almost dead.
Your shield and scale mail prevent you from hitting the white ugly thing.
The white ugly thing closely misses you.
Unknown command.
You barely miss the white ugly thing.
The white ugly thing is almost dead.
You hit the white ugly thing. You freeze the white ugly thing.
The white ugly thing stings you but does no damage.
The white ugly thing basks in the mutagenic energy from its kin and changes!
You hit the purple ugly thing. You freeze the purple ugly thing.
You kill the purple ugly thing!
You hit the white ugly thing.
The white ugly thing stings you but does no damage.
You block the white ugly thing's attack.
You slash the white ugly thing! You freeze the white ugly thing.
The white ugly thing is severely wounded.
The white ugly thing stings you! The white ugly thing freezes you!!
* * * LOW HITPOINT WARNING * * *
You closely miss the white ugly thing.
The white ugly thing is severely wounded.
You block the white ugly thing's attack.
You hit the white ugly thing. You freeze the white ugly thing.
The white ugly thing is severely wounded.
You block the white ugly thing's attack.
You slash the white ugly thing! You freeze the white ugly thing.
The white ugly thing is almost dead.
You block the white ugly thing's attack.
You closely miss the white ugly thing.
The white ugly thing is almost dead.
The white ugly thing barely misses you.
You block the white ugly thing's attack.
You hit the white ugly thing.
The white ugly thing is almost dead.
The white ugly thing stings you.
* * * LOW HITPOINT WARNING * * *
The white ugly thing freezes you!
You die...
Your body crumbles into a pile of gold.

.#.#.#$# ####
#§...'.######..##
..#!.'..##......##
#....'...........#
.#(#.#.##........##
#!...#............##
#######............#
##..........$.#
#..........@u##
#....(......##
##..........##
#[.........##
#.........##
...........#####...
....................
####......>####.....
####....# ...


You could see a white ugly thing.

Vanquished Creatures
  3 ugly things
  A wraith (D:7)
  Menkaure (D:6)
  4 water moccasins
  2 sky beasts
  A necrophage (D:4)
  A centaur (D:8)
  3 phantoms
  A kobold brigand (D:6)
  Blork the orc (D:4)
  2 bullfrogs
  A gnoll sergeant (D:6)
  2 scorpions
  A wyvern skeleton (D:6)
  A water moccasin skeleton (D:7)
  A howler monkey (D:5)
  A centaur zombie (D:5)
  3 jellies
  An orc priest (D:7)
  A hound (D:5)
  3 centaur skeletons
  A gnoll shaman (D:6)
  2 iguanas
  4 orc wizards
  A killer bee zombie (D:6)
  8 gnolls
  6 adders
  2 shadow imps
  3 white imps
  An ufetubus (D:4)
  2 worms (D:2)
  2 dart slugs
  15 orcs
  7 endoplasms
  5 goblins
  9 hobgoblins
  9 jackals
  2 quokkas
  11 ball pythons
  2 bats
  3 frilled lizards
  15 kobolds
  4 rats
149 creatures vanquished.

Notes
Turn   | Place    | Note
-------+----------+-------------------------------------------
     0 | D:1      | jien the Gargoyle Fighter began the quest for the Orb.
     0 | D:1      | Reached XP level 1. HP: 14/14 MP: 1/1
   154 | D:1      | Found a faded altar of an unknown god.
   178 | D:1      | You fall into a shaft and drop 1 floor!
   187 | D:2      | Reached skill level 2 in Axes
   187 | D:2      | Reached XP level 2. HP: 19/19 MP: 2/2
   536 | D:1      | Found Qos Hecu's Antique Armour Shop.
   580 | D:1      | Reached XP level 3. HP: 22/23 MP: 3/3
  1411 | D:2      | Reached XP level 4. HP: 24/29 MP: 4/4
  1664 | D:3      | Found Daskuohoill's General Store.
  2471 | D:4      | Noticed a necrophage
  2483 | D:4      | Killed a necrophage
  2484 | D:4      | Reached skill level 3 in Axes
  2484 | D:4      | Reached XP level 5. HP: 33/33 MP: 5/5
  2528 | D:4      | Noticed a water moccasin
  2554 | D:4      | Killed a water moccasin
  2555 | D:4      | Reached skill level 4 in Axes
  2555 | D:4      | Reached XP level 6. HP: 37/39 MP: 6/6
  2566 | D:4      | You fall into a shaft and drop 1 floor!
  2566 | D:5      | Entered Level 5 of the Dungeon
  2925 | D:4      | Reached XP level 7. HP: 44/44 MP: 7/7
  2952 | D:4      | Found a radiant altar of Vehumet.
  3011 | D:4      | Noticed Blork the orc
  3022 | D:4      | Killed Blork the orc
  3208 | D:5      | Reached skill level 5 in Armour
  3283 | D:5      | Reached skill level 5 in Fighting
  3283 | D:5      | Reached skill level 5 in Shields
  3538 | D:5      | Identified the +5 ring mail of the Accordion {rF+ rC+ Str-2
                  | Int+5}
  3661 | D:5      | Reached skill level 5 in Axes
  3723 | D:5      | Reached XP level 8. HP: 50/50 MP: 8/8
  3896 | D:6      | Reached skill level 6 in Axes
  4127 | D:6      | Reached XP level 9. HP: 55/56 MP: 9/9
  4133 | D:6      | Found Mohupulla's Distillery.
  4373 | D:6      | Noticed Menkaure
  4380 | D:6      | Killed Menkaure
  4381 | D:6      | Reached skill level 7 in Axes
  4898 | D:7      | Found a staircase to the Ecumenical Temple.
  4903 | Temple   | Entered the Ecumenical Temple
  5070 | Temple   | Became a worshipper of Gozag Ym Sagoz the Greedy
  5090 | D:7      | Identified a scroll of acquirement
  5110 | D:7      | Acquired 1010 gold pieces
  5374 | D:8      | Found a runed translucent gate.
  5383 | D:8      | Found a runed translucent gate.
  5385 | D:8      | Found a runed translucent gate.
  5387 | D:8      | Noticed a green ugly thing
  5389 | D:8      | Noticed a white ugly thing
  5389 | D:8      | Noticed a purple ugly thing
  5390 | D:8      | Noticed a red ugly thing
  5410 | D:8      | Killed a green ugly thing
  5411 | D:8      | Reached skill level 8 in Axes
  5416 | D:8      | HP: 2/57 [acid (10)]
  5479 | D:7      | Killed a green ugly thing
  5480 | D:7      | Reached XP level 10. HP: 57/63 MP: 10/10
  5536 | D:8      | Killed a purple ugly thing
  5537 | D:8      | HP: 1/64 [white ugly thing (23)]
  5542 | D:8      | Mangled by a white ugly thing

Illustrated notes

Levels and vault maps discovered:
D:1:      dpeg_arrival_circle_labyrinth_c, layout_basic, serial_shops,
          nicolae_shop_behind_doors, hellmonk_ecumenical_altar_blasted,
          minivault_26, minmay_tetromino_s4
D:2:      layout_rooms
D:3:      layout_loops_corners, serial_shops, shop
D:4:      layout_basic, kennysheep_mini, uniq_blork_the_orc
D:5:      layout_loops_ring, hex_tiny
D:6:      layout_cave_pods, serial_shops, nicolae_shop_stone, uniq_menkaure
D:7:      layout_basic, minmay_temple_entry_wispy, kennysheep_decorative_pillar,
          hangedman_decor_opposing, serial_park_tiny_pond, minivault_1
D:8:      layout_cave_pods, ploomutoo_gammafunk_ghost_potion_laboratory,
          uniq_joseph
Temple:   regret_index_temple_sphere_string

Skill      XL: |  1  2  3  4  5  6  7  8  9 |
---------------+----------------------------+-----
Axes           | 2 3 4 5 6 8 |  8.5
Fighting       | 4 5 6 7 |  7.8
Armour         | 4 5 6 7 |  7.8
Shields        | 4 5 6 7 |  7.7

Action                   |  1- 3 |  4- 6 |  7- 9 | 10-12 || total
-------------------------+-------+-------+-------+-------++-------
Melee: War axe           |    89 |   120 |   393 |    15 ||   617
Throw: Javelin           |       |       |     1 |       ||     1
  Use: Scroll            |     1 |     3 |     5 |       ||     9
 Stab: Distracted        |       |       |     1 |       ||     1
Armor: Scale mail        |    54 |    76 |   216 |     4 ||   350
Dodge: Dodged            |    22 |    40 |   220 |     4 ||   286
Block: Kite shield       |    69 |    62 |   268 |    12 ||   411

Table legend: (Time is in decaauts)
 A = Elapsed time spent in this place.
 B = Non-inter-level travel time spent in this place.
 C = Inter-level travel time spent in this place.
 D = Time resting spent in this place.
 E = Time spent auto-exploring this place.
 F = Levels seen in this place.
 G = Mean time per level.
                   A        B        C        D        E       F      G
               +--------+--------+--------+--------+--------+-----+--------+
         Total |   5838 |   5628 |    210 |      3 |   4173 |   9 |  648.7 |
       Dungeon |   5656 |   5460 |    196 |      3 |   4019 |   8 |  707.0 |
        Temple |    181 |    167 |     14 |      0 |    154 |   1 |  181.0 |
               +--------+--------+--------+--------+--------+-----+--------+

Top non-repeatable levels by time:
     D:1: 1155 daAuts
     D:3: 903 daAuts
     D:6: 896 daAuts
     D:5: 754 daAuts
     D:4: 680 daAuts
     D:7: 677 daAuts
     D:2: 492 daAuts
  Temple: 181 daAuts
     D:8: 96 daAuts
